[Event "ChessKid Cup Div-III 2023"]
[Site "Online"]
[Date "2023.05.22"]
[Round "1.1"]
[White "Lysyj, Igor"]
[Black "Santos Ruiz, Miguel"]
[Result "1/2-1/2"]
[ECO "E11"]
[WhiteElo "2606"]
[BlackElo "2590"]
[Annotator "TA"]
[PlyCount "115"]
[EventDate "2023.05.21"]
[EventType "k.o."]
[EventCountry "NET"]
[SourceTitle "playchess.com"]
[Source "ChessBase"]
[SourceQuality "1"]
[TimeControl "900+3"]

1. d4 Nf6 2. c4 e6 3. Nf3 d5 4. g3 Bb4+ 5. Bd2 Be7 6. Bg2 Nbd7 7. O-O c6 8. Qc2 O-O 9. a3 a5 10. Bf4 {[%emt 0:00:03] E11: Bogo-Indian.} h6 {[%emt 0:00:32] [#]} 11. h4 $146 ({Predecessor:} 11. Rd1 b6 12. Ne5 Bb7 13. cxd5 cxd5 14. Nc6 Bxc6 15. Qxc6 Rc8 16. Qb5 Ne4 17. Nd2 g5 18. Nxe4 gxf4 {0-1 Iskusnyh,S (2440)-Aditya,M (2505) ChessKid Cup Play In blitz 2023 (4)}) 11... a4 12. Nbd2 {[%emt 0:00:52] White has an edge.} Nh5 13. e3 $1 f5 14. Ne5 (14. Qd1 $14) 14... Nxf4 $11 15. exf4 Nxe5 16. dxe5 b5 17. c5 Qa5 18. Nf3 b4 19. Rfc1 Bd7 20. Nd4 $2 (20. axb4 $11 {and White has nothing to worry.} Qxb4 21. Ne1) 20... bxa3 21. bxa3 Rab8 (21... Qc7 $1 $17 {...Ra5 would be deadly.} 22. Rab1 Ra5) 22. Bf3 Rb7 23. Kg2 Kh8 24. h5 Rfb8 25. Ra2 {[%emt 0:00:23] Prevents Rb2} Rf8 (25... Qd8 $11) 26. Bd1 $16 Ra7 ({Better is} 26... Qa8 $14) 27. Rb2 $1 $18 Qc7 28. Qd2 (28. Rcb1 $18) 28... Ra5 29. Qb4 (29. Rcb1 $1 $16 {Strongly threatening Rb7.} Ra7 30. Qc3) 29... Qa7 ({Black should try} 29... Rfa8 $14) 30. Qb7 $16 {[%emt 0:00:01] White has more active pieces.} Bxc5 31. Qxa7 ({But not} 31. Nxc6 $6 Qxb7 32. Rxb7 Bxc6 $11) 31... Bxa7 32. Nxc6 Rc5 {[%emt 0:00:04] [#]} 33. Rxc5 Bxc5 34. Bxa4 Ra8 {[%emt 0:00:28] [#]} 35. Rb7 (35. Bb5 $1 $16) 35... Bc8 $1 $11 {[%emt 0:00:33] The position is equal.} 36. Rb8 Rxb8 37. Nxb8 Bxa3 38. Bd7 Bxd7 39. Nxd7 {[%emt 0:00:01][%mdl 4096] Endgame KB-KN} Kg8 40. Nb8 Kf7 41. Nc6 Bc5 42. Kf3 Ke8 43. Na5 Kd7 44. Ke2 Bb6 45. Nb3 Kc6 46. f3 Kb5 47. Kd3 $1 Kb4 48. Nd4 Bxd4 49. Kxd4 {[%emt 0:00:01] KP-KP} Kb5 50. g4 {[%emt 0:00:02] Intending gxf5 and mate.} Kc6 $1 51. Kc3 {[%emt 0:00:09] White wants to mate with gxf5.} Kc5 52. Kd3 d4 (52... fxg4 $2 53. fxg4 Kc6 54. f5 exf5 55. gxf5 $18) 53. gxf5 $1 exf5 54. Kc2 Kc6 55. Kd2 Kc5 56. Kc2 $1 Kc6 57. Kd2 $1 Kc5 58. Kc2 {[%emt 0:00:01] What a bad dream for Black.   Weighted Error Value: White=0.15 (very precise) /Black=0.15 (very precise)} 1/2-1/2

[Event "ChessKid Cup Div-III 2023"]
[Site "Online"]
[Date "2023.05.22"]
[Round "1.1"]
[White "Sasikiran, Krishnan"]
[Black "Pichot, Alan"]
[Result "0-1"]
[ECO "C60"]
[WhiteElo "2604"]
[BlackElo "2638"]
[Annotator "TA"]
[PlyCount "74"]
[EventDate "2023.05.21"]
[EventType "k.o."]
[EventCountry "NET"]
[SourceTitle "playchess.com"]
[Source "ChessBase"]
[SourceQuality "1"]
[TimeControl "900+3"]

1. e4 e5 2. Nf3 Nc6 3. Bb5 a6 4. Ba4 Nge7 5. O-O Ng6 6. c3 {[%emt 0:00:08] C60: Ruy Lopez: Unusual Black 3rd moves and 3...g6.} d5 7. d3 Be7 8. Nbd2 {[%emt 0:01:05] The position is equal.} O-O 9. Re1 b5 {[%emt 0:00:55] [#]} 10. Bc2 $146 ({Predecessor:} 10. Bb3 Be6 11. Nf1 dxe4 12. Bxe6 exf3 13. Qxf3 Nd4 14. cxd4 fxe6 15. Qg4 exd4 16. Qxe6+ {1-0 Arakhamia Grant,K (2177)-Demchenko,A (2583) Lindores Abbey Blitz Tal Memorial 2021 (1.53)}) 10... Be6 11. a4 b4 12. a5 Rb8 13. d4 bxc3 14. bxc3 exd4 $1 15. cxd4 Bb4 16. e5 Bg4 {[%emt 0:02:00] Strongly threatening ...Nxd4.} 17. h3 Bxf3 18. Nxf3 Bxe1 19. Qxe1 Nh4 {[%emt 0:00:02] And now ...Nxf3+ would win.} 20. Ng5 h6 {[%emt 0:00:04][%cal Oc6d4] Threatens to win with ...Nxd4!} (20... Nxd4 $2 21. Bxh7+ Kh8 22. Qd1 $18) 21. Qc3 {[%emt 0:00:07] [#] Nxf7 is the strong threat.} Nxd4 (21... Nxe5 $1 $17 {...Neg6 would be deadly.} 22. dxe5 (22. Nh7 Nef3+ 23. gxf3 Re8 $17) 22... hxg5) 22. Qxd4 (22. Bh7+ $1 $11 {was the only way to keep the balance.} Kh8 23. Qxd4 hxg5 24. Bd3) 22... hxg5 $17 23. Qg4 {[%emt 0:00:04] [#]} (23. Bd3 $17 {was worth a try.}) 23... f5 $2 (23... Qe7 $1 $19 24. Qxg5 Qxg5 25. Bxg5 Ng6) 24. Qxg5 $11 Qxg5 25. Bxg5 {[%emt 0:00:01] A strong pair of Bishops.} Ng6 26. f4 c5 (26... Rb2 $1 $15 {should be considered.} 27. Rc1 Rb4) 27. g4 Rfe8 28. gxf5 Ne7 29. Rd1 d4 ({Better is} 29... Kf7 $11) 30. Bd3 (30. Be4 $1 $14) 30... Kf8 31. Rc1 (31. f6 $11 {keeps the balance.} Nc6 32. Bxa6) 31... Rb3 $17 32. Bxa6 Rc3 33. Rb1 {[%emt 0:00:08] Loses the game.} ({Avoid the trap} 33. Rxc3 $2 dxc3 34. f6 (34. Bd3 $2 Rd8 $19) 34... gxf6 35. exf6 (35. Bxf6 $2 c2 $19) 35... c2 $19) (33. Bxe7+ $17 Kxe7 34. Rb1) 33... Nxf5 $19 34. Kf2 $2 (34. Be2 Ng3 35. Bg4) 34... d3 {[%emt 0:00:07][%cal Bd4d3,Bd3d2][%mdl 32] Black is clearly winning.} ({Worse is} 34... Rxh3 35. Rb7 $11) ({Stronger than} 34... Ra8 35. Bb7 Rb8 36. a6 $17) 35. Ke1 c4 36. Rb7 Rc1+ 37. Kf2 d2 {[%emt 0:00:06] Weighted Error Value: White=0.67/Black=0.16 (very precise)} 0-1

[Event "ChessKid Cup Div-III 2023"]
[Site "Online"]
[Date "2023.05.22"]
[Round "1.1"]
[White "Vaibhav, Suri"]
[Black "Chigaev, Maksim"]
[Result "1/2-1/2"]
[ECO "A13"]
[WhiteElo "2595"]
[BlackElo "2628"]
[Annotator "TA"]
[PlyCount "157"]
[EventDate "2023.05.21"]
[EventType "k.o."]
[EventCountry "NET"]
[SourceTitle "playchess.com"]
[Source "ChessBase"]
[SourceQuality "1"]
[TimeControl "900+3"]

1. d4 Nf6 2. c4 e6 3. Nf3 d5 4. Nc3 Be7 5. e3 O-O 6. b3 c5 7. Bb2 {[%emt 0:00:04] 7.dxc5 gains popularity.} cxd4 {[%emt 0:00:10] A13: English Opening: 1...e6.} 8. Nxd4 dxc4 9. Bxc4 Bd7 10. O-O Nc6 11. Nf3 Qa5 12. a3 Rfd8 13. b4 Qh5 {[%emt 0:00:02] [#]} 14. Qe2 $146 ({Predecessor:} 14. Be2 Rac8 15. Rc1 a6 16. Na4 Be8 17. Qb3 b5 18. Nc3 a5 19. Nxb5 axb4 20. Nfd4 Nxd4 21. Nxd4 {½-½ Santos Ruiz,M (2567)-Suleymanli,A (2416) Abu Dhabi op 26th 2019 (7)}) 14... Rac8 15. Rfd1 a6 16. h3 h6 17. Qf1 e5 18. Nd5 $1 Bxh3 {[%emt 0:01:05][%mdl 64] [#] Deflection} 19. Nxe7+ Nxe7 20. Nxe5 (20. gxh3 Qxf3 21. Bxe5 (21. Rxd8+ Rxd8 22. Bxe5 Qh5 $15) 21... Qf5 22. Bxf6 Qxf6 $11) (20. Rxd8+ {simplifies} Rxd8 21. Bxe5 Ne8 22. Bg3) 20... Be6 {[%emt 0:00:10] Hoping for ...Rxd1.} 21. Be2 {[%emt 0:01:32] A strong pair of Bishops.} Ng4 22. Nxg4 Bxg4 23. f3 Be6 24. Rxd8+ Rxd8 25. Rd1 Rc8 26. Rc1 Rd8 27. Rc5 Qg6 28. Qc1 Nf5 29. Be5 Nh4 30. g3 {[%emt 0:00:01] Black must now prevent e4.} b6 31. Rc3 {[%emt 0:00:13] e4 would be deadly.} Qf5 32. Bf4 (32. gxh4 Qxe5 33. Qe1 Qf5 $17) 32... Ng6 (32... g5 $1 $11) 33. Bc7 $36 {[%emt 0:00:06][%mdl 2048] White has strong initiative.} (33. Bxa6 $6 b5 $11) 33... Rd7 {[%emt 0:00:07] [#]} 34. e4 $1 (34. Bxa6 $2 Qxf3 35. Bd3 Bd5 $19) (34. Bxb6 $6 Qg5 35. Qe1 (35. Bxa6 Qxg3+ 36. Kh1 Qxf3+ 37. Kg1 Qg3+ 38. Kf1 Bh3+ 39. Ke2 Qh2+ 40. Ke1 Qg1+ 41. Ke2 Bg4#) 35... Rd2 $11) 34... Qf6 (34... Qh3 $16 35. Bf1 (35. Bxb6 $2 Qxg3+ 36. Kh1 Qh4+ 37. Kg1 Nf4 $19) 35... Qh5) 35. Bxb6 $18 (35. Bxa6 Bc4 36. e5 (36. Bxc4 Rxc7 37. Qd2 b5 $17) (36. Rxc4 $2 Qxf3 37. Rc6 Rd1+ $19) 36... Nxe5 37. Bxe5 (37. Bxc4 $2 Nxf3+ 38. Rxf3 Qxf3 $19) 37... Qxe5 38. Bxc4 Qxg3+ 39. Kf1 Qh3+ 40. Kg1 Qg3+ 41. Kf1 Qh3+ 42. Kg1 Qg3+ $11) 35... Bc4 36. Bxc4 Qxb6+ 37. Kg2 Kh7 38. Bd5 Ne5 39. Qe3 Qf6 40. Rc8 {[%emt 0:00:14] Black is weak on the light squares} g6 $2 (40... g5 {was worth a try.} 41. a4 h5) 41. Qc3 h5 42. f4 Ng4 43. Qxf6 Nxf6 {[%emt 0:00:00][%mdl 4096] Endgame KRB-KRN} 44. Rc5 Ng4 45. Kf3 Kg7 46. Rc6 f5 47. Rb6 Rd8 48. Rxa6 Nf6 49. Ra7+ Kh6 50. Ra5 fxe4+ 51. Bxe4 Rd4 52. Re5 Rc4 53. Re6 (53. Bd3 Rc3 54. Ke3 Rxa3 $18) (53. Bb1 $142) 53... Rc3+ 54. Kg2 (54. Kf2 $18 Kg7 55. Bf3) 54... Nxe4 $14 55. Rxe4 Rxa3 {[%emt 0:00:01] KR-KR} 56. Re8 Rb3 57. Rb8 h4 58. gxh4 {[%emt 0:00:08] And now b5 would win.} Kh5 59. b5 Kxh4 60. b6 {[%emt 0:00:00][%cal Of4f5] f5! is the strong threat.} Kg4 61. b7 Rb2+ 62. Kf1 Kf3 63. Ke1 Rb1+ 64. Kd2 Rb6 65. Kd3 Rb1 66. Kd4 Rb4+ 67. Kc5 Rb1 68. Kd5 Rb6 69. Ke5 Rb5+ $2 (69... Ke3 $11) 70. Ke6 $2 (70. Kf6 $18 Rb6+ 71. Kg5) 70... Rb6+ $1 $11 71. Kd7 {[%emt 0:00:07] Strongly threatening Kc7.} Rb4 $2 (71... Kxf4 $11 72. Rf8+ Ke3) 72. Ke7 $2 (72. Kc6 $18 Kxf4 73. Rf8+ Ke3 74. Rg8 (74. b8=B g5 $11)) 72... Rb5 $2 (72... Rb6 $11) 73. Kf6 $18 Rb6+ 74. Kg7 $2 (74. Kg5 $18 Rb1 75. Kxg6 Rg1+ 76. Kf6) 74... Kg4 $1 $11 {[%emt 0:00:05] The position is equal.} 75. Kh6 g5+ 76. Kg7 gxf4 77. Kf7 Kf3 78. Ke7 Rb1 79. Kd7 {[%emt 0:00:02] Weighted Error Value: White=0.19 (very precise) /Black=0.26 (precise)} 1/2-1/2

[Event "ChessKid Cup Div-III 2023"]
[Site "Online"]
[Date "2023.05.22"]
[Round "1.1"]
[White "Bernadskiy, Vitaliy"]
[Black "Narayanan, Srinath"]
[Result "1-0"]
[ECO "C85"]
[WhiteElo "2592"]
[BlackElo "2559"]
[Annotator "TA"]
[PlyCount "77"]
[EventDate "2023.05.21"]
[EventType "k.o."]
[EventCountry "NET"]
[SourceTitle "playchess.com"]
[Source "ChessBase"]
[SourceQuality "1"]
[TimeControl "900+3"]

1. e4 e5 2. Nf3 Nc6 3. Bb5 a6 4. Ba4 Nf6 5. O-O Be7 6. Bxc6 dxc6 7. d3 Nd7 8. Be3 {[%emt 0:00:02] C85: Closed Ruy Lopez: Deferred Exchange Variation.} O-O 9. Nc3 f6 10. Nh4 {[%emt 0:00:16] [#] The position is equal.} Nc5 $146 ({Predecessor:} 10... Nb8 11. Nf5 Bxf5 12. exf5 c5 13. Ne4 Nd7 14. c3 Kh8 15. Qb3 b6 16. Rad1 Qe8 {1-0 Jarmula,L (2452)-Danielyan,V (2295) Warsaw Najdorf Memorial op-A 2022 (8)}) 11. Nf5 Bxf5 12. exf5 a5 13. Qg4 Qd7 $2 {[%emt 0:00:29][%mdl 8192] [#]} (13... Kh8 $14) 14. Bxc5 $1 $18 ({Worse is} 14. Qc4+ Kh8 $11) 14... Bxc5 15. Qc4+ Rf7 16. Qxc5 Qxf5 {[%emt 0:00:01] [#]} 17. f4 $1 Qe6 18. fxe5 fxe5 19. Rxf7 Kxf7 20. Re1 Kg8 21. Qxe5 Qf7 22. Qe6 h6 23. Qxf7+ Kxf7 {[%emt 0:00:00][%mdl 4096] Endgame KRN-KR} 24. a4 Rd8 25. b3 Rd6 26. Re5 b6 27. g3 Rf6 28. Kg2 Rd6 29. Re4 g5 30. h4 Kg6 31. hxg5 hxg5 32. Re5 Kf6 33. Re8 {[%emt 0:00:21] aiming for Ne4+.} Rd7 34. Ne4+ Kf5 35. Kf3 g4+ 36. Ke3 Rh7 37. Rf8+ Ke5 38. d4+ Ke6 39. Ng5+ {[%emt 0:00:01] White took control after the opening.   Weighted Error Value: White=0.08 (flawless) /Black=0.55} 1-0

[Event "ChessKid Cup Div-III 2023"]
[Site "Online"]
[Date "2023.05.22"]
[Round "1.1"]
[White "Lazavik, Denis"]
[Black "Gadimbayli, Abdulla"]
[Result "1-0"]
[ECO "E33"]
[WhiteElo "2544"]
[BlackElo "2500"]
[Annotator "TA"]
[PlyCount "131"]
[EventDate "2023.05.21"]
[EventType "k.o."]
[EventCountry "NET"]
[SourceTitle "playchess.com"]
[Source "ChessBase"]
[SourceQuality "1"]
[TimeControl "900+3"]

1. d4 Nf6 2. c4 e6 3. Nf3 Nc6 4. Nc3 Bb4 5. Qc2 O-O 6. Bd2 d6 7. a3 Bxc3 8. Bxc3 Qe7 9. e4 {[%emt 0:00:50] E33: Nimzo-Indian: Classical: 4...Nc6.} e5 10. d5 Nd4 11. Nxd4 {[%emt 0:00:06] White is slightly better.} exd4 12. Bxd4 Qxe4+ 13. Qxe4 Nxe4 14. b4 Re8 15. O-O-O Bf5 16. Bd3 Bg6 17. Rhe1 {[%emt 0:00:10] [#]} Kf8 $146 ({Predecessor:} 17... a5 18. f3 Nf6 19. Rxe8+ Nxe8 20. Bxg6 fxg6 21. Kb2 axb4 22. axb4 Nf6 23. Kb3 Kf7 {½-½ Bosetti,R (1880)-Bigando,M (1884) ITA CIM33 email 2016 [6]}) 18. f3 {[%emt 0:00:24] White is more active.} Nf6 {[%emt 0:00:04] aiming for ...Rxe1.} 19. Bf1 a5 20. Rxe8+ Kxe8 21. Kb2 b6 22. g4 Kf8 23. h4 {[%emt 0:00:15] Bxf6 would be deadly.} h5 24. g5 Ng8 25. Re1 Bf5 26. Re3 f6 27. f4 Kf7 28. Be2 g6 29. Bc3 axb4 30. axb4 fxg5 31. fxg5 Re8 32. Rxe8 Kxe8 $11 {[%emt 0:00:01][%mdl 4096] Endgame KBB-KBN} 33. Be1 Ne7 34. Kc3 Bg4 35. Bd3 Bf5 36. Bf1 Bb1 37. Bg2 Nf5 38. Bf2 Kd7 39. Bf3 Ke8 40. Bd1 Be4 41. Ba4+ Ke7 42. Bc6 Kd8 43. Bb5 Ke7 44. Bc6 Kd8 45. Kb3 Ne7 46. Ba4 Nf5 47. Kc3 Ke7 48. Bb3 Kd8 49. c5 bxc5 50. bxc5 dxc5 51. Kc4 c6 52. dxc6 (52. Bxc5 Bxd5+ 53. Kb4 Bxb3 54. Kxb3 Nxh4 $19) 52... Bxc6 53. Kxc5 Be4 54. Bf7 Ng7 {[%emt 0:00:08] [#]} (54... Ke7 $1 $14 55. Bxg6 Ng3) 55. Kd6 $1 $16 {[%emt 0:00:04] Strongly threatening Bb6+.} Ne8+ 56. Ke5 {[%emt 0:00:01][%cal Of7e8] White wants to mate with Bxe8!} Bb1 57. Bc5 Kd7 58. Bb3 Bf5 59. Ba4+ Kd8 60. Bb4 Bb1 61. Bb3 {[%emt 0:00:04] Hoping for Ke6.} Nc7 {[%emt 0:00:05][%mdl 8192] [#] This move loses the game for Black.} (61... Kd7 $16 62. Bc5 Bd3 63. Ba4+ Kd8) 62. Kf6 (62. Ba5 $142 Kd7 63. Bxc7 Bd3 64. Bd6 Bf5 65. Ba4+ Kd8 66. Kf6 Be4 67. Be7+ Kc7 68. Be8) 62... Kd7 63. Ba4+ Kd8 64. Ba5 {[%emt 0:00:00] White mates.} Kc8 65. Bxc7 Kxc7 66. Be8 {[%emt 0:00:00] Weighted Error Value: White=0.17 (very precise) /Black=0.32} 1-0

[Event "ChessKid Cup Div-III 2023"]
[Site "Online"]
[Date "2023.05.22"]
[Round "1.1"]
[White "Iniyan, P."]
[Black "Kamsky, Gata"]
[Result "1/2-1/2"]
[ECO "E38"]
[WhiteElo "2525"]
[BlackElo "2665"]
[Annotator "TA"]
[PlyCount "103"]
[EventDate "2023.05.21"]
[EventType "k.o."]
[EventCountry "NET"]
[SourceTitle "playchess.com"]
[Source "ChessBase"]
[SourceQuality "1"]
[TimeControl "900+3"]

1. d4 Nf6 2. c4 e6 3. Nc3 Bb4 4. Qc2 c5 5. dxc5 Qc7 6. a3 Bxc5 7. e3 {[%emt 0:00:03] E38: Nimzo-Indian: Classical: 4...c5.} a6 8. b4 Be7 9. Nf3 {[%emt 0:00:02] White has an edge.} b6 10. Bd3 Bb7 11. e4 d6 12. O-O Nbd7 {[%emt 0:00:02][%cal Bb8d7,Bd7e5,Be5d3][%mdl 32] [#]} 13. Nd4 $146 (13. h3 $14) ({Predecessor:} 13. Bf4 O-O 14. Rac1 Rac8 15. Rfd1 Qb8 16. Qe2 Rfe8 17. Bb1 Nh5 18. Be3 Nhf6 19. Bf4 {½-½ Kraev,A (2353)-Maletin,P (2429) RUS-ch U20 Samara 2004 (3)}) 13... Ne5 $15 14. f4 ({Better is} 14. Bg5 $15) 14... Nxd3 $17 15. Qxd3 Rc8 16. Bb2 Qxc4 17. Qe3 Qc7 18. Rac1 Qd7 19. Nf3 {[%emt 0:01:09] [#]} Qd8 (19... b5 $142 $1 20. h3 O-O) 20. e5 dxe5 21. Nxe5 O-O 22. Rfd1 Nd5 ({Black should try} 22... Bd6 $17 23. g3 Re8) 23. Nxd5 $11 exd5 24. Ng4 (24. Rxc8 $11 Qxc8 25. Qxb6) 24... Rxc1 25. Rxc1 {[%emt 0:00:04][%cal Og4h6] [#]} d4 26. Bxd4 Qd5 27. Rc2 Bd8 28. Qe5 f6 29. Qxd5+ Bxd5 30. Ne3 Be4 31. Rc8 Be7 32. Rxf8+ Kxf8 33. Bxb6 {[%emt 0:00:02][%mdl 4096] Endgame KBB-KBN} Kf7 34. Kf2 Ke6 35. g4 g6 36. Nd1 Bd6 37. Ke3 (37. Nc3 $5 Bc6 38. Ke3 $11) 37... Bg2 38. Nc3 g5 39. Ne2 Bf1 40. f5+ Kf7 $1 {[%emt 0:00:16] The position is equal.} 41. Ng3 Bxg3 42. hxg3 {[%emt 0:00:01] KB-KB} Bb5 $1 43. Bd4 Ba4 44. Kd2 Ke7 45. Bc3 Kf7 46. Bd4 Ke7 47. Bb2 Kf7 48. Ke2 Ke7 49. Bc3 Kf7 50. Bb2 Ke7 51. Bc3 Kf7 52. Bb2 {[%emt 0:00:00] Weighted Error Value: White=0.15 (very precise) /Black=0.14 (very precise)} 1/2-1/2

[Event "ChessKid Cup Div-III 2023"]
[Site "Online"]
[Date "2023.05.22"]
[Round "1.1"]
[White "Harshavardhan G B"]
[Black "Bachmann, Axel"]
[Result "1-0"]
[ECO "E14"]
[WhiteElo "2408"]
[BlackElo "2604"]
[Annotator "TA"]
[PlyCount "147"]
[EventDate "2023.05.21"]
[EventType "k.o."]
[EventCountry "NET"]
[SourceTitle "playchess.com"]
[Source "ChessBase"]
[SourceQuality "1"]
[TimeControl "900+3"]

1. d4 Nf6 2. c4 e6 3. Nf3 Bb4+ 4. Nbd2 b6 5. e3 Bb7 6. Bd3 O-O 7. O-O d5 8. cxd5 {[%emt 0:00:09] E14: Queen's Indian: Classical Variation (4 e3).} exd5 9. Ne5 Bd6 10. f4 {[%emt 0:00:08] The position is equal.} c5 11. b3 cxd4 12. exd4 {[%emt 0:00:03] [#]} Ba6 $146 ({Predecessor:} 12... Nc6 13. Bb2 Rc8 14. Qf3 Rc7 15. a3 Qc8 16. b4 Rd8 17. Rae1 Bf8 18. Re3 g6 {1-0 Stalmach,R (2306)-Macicek,J (2243) Pobeskydy op 41st 2022 (2)}) 13. Qe2 Bxd3 14. Qxd3 Qc8 15. Bb2 Qa6 16. Qf3 Bb4 17. Bc3 Bxc3 18. Qxc3 Rc8 19. Qh3 Nc6 20. Ndf3 h6 {[%emt 0:02:35] Prevents Ng5} (20... Rc7 $11) 21. Rfe1 (21. Nxf7 $14 Kxf7 22. Ne5+ Kg8 23. Qe6+ Kh8 24. Nxc6) 21... Rc7 $11 22. a3 {[%emt 0:04:19] Wards off Nb4} (22. Ng4 $11 Nxg4 23. Qxg4) 22... Rac8 (22... Qc8 $17 23. Qxc8+ Raxc8) 23. b4 (23. Ng4 $1 $11 Nxg4 24. Qxg4) 23... Ne4 $15 24. Nxc6 Rxc6 25. Qf5 (25. Ne5 $142 R6c7 26. Qf5) 25... Nf6 (25... Qc4 $17 {...R8c7 is the strong threat.} 26. Rf1 R8c7) 26. Ne5 $11 Rc2 27. a4 (27. Nxf7 $2 Kxf7 28. Qe6+ (28. b5 $2 Qxb5 29. Rab1 Qc4 $19) 28... Kg6 $19) (27. g4 $5 Qb7 28. g5 $11) 27... b5 (27... Qb7 {is interesting.} 28. b5 Ne4 29. Rad1 g6) 28. Nd3 (28. g4 $5 R8c7 29. g5 hxg5 30. axb5 $11) 28... g6 (28... bxa4 $2 29. Nc5 R2xc5 30. bxc5 $18) 29. Qh3 ({Only move:} 29. axb5 $15 Qb6 30. Qe5) 29... R8c3 $19 (29... bxa4 30. Nc5 R8xc5 31. bxc5 $14) 30. a5 Qc6 $2 ({Black should play} 30... Ne4 $19 {White must now prevent ...Qf6.} 31. Rac1 Rxc1 32. Rxc1 Qc6 33. Rxc3 Qxc3) 31. Ne5 $1 $11 Rxh3 32. Nxc6 Rd3 33. Rac1 Rb2 {[%emt 0:00:22] Hoping for ...Rdd2.} 34. Red1 Ra3 35. Ra1 Re3 36. Re1 Rd3 37. Red1 Rxd1+ 38. Rxd1 {[%emt 0:00:01][%mdl 4096] Endgame KRN-KRN} a6 39. Ra1 Ng4 40. Ne7+ (40. Nb8 $5 ) 40... Kg7 41. Nxd5 Nf6 (41... Rc2 $1 $11 {remains equal.}) 42. Nc7 $16 Rxb4 43. Nxa6 Ra4 (43... Rxd4 $16 44. Nc7 Nd5 45. Nxb5 (45. Nxd5 Rxd5 46. g4 b4 $11) 45... Rb4) 44. Rxa4 $18 bxa4 {[%emt 0:00:01] KN-KN} 45. Nb4 {[%emt 0:00:01] Inhibits Nd5. aiming for a6.} a3 $2 (45... Ne8 {was called for.} 46. Kf2 Kf6) 46. a6 {[%emt 0:00:04][%cal Ba5a6,Ba6a7][%mdl 32] a7 would be deadly.} Nd5 47. a7 (47. Nxd5 $2 {is the wrong capture.} a2 48. Kf2 a1=Q $19) 47... Nb6 48. Kf2 Kf8 49. Ke2 Ke8 50. Kd3 Kd7 51. Kc3 Kc7 52. Kb3 {[%emt 0:00:04][%cal Ob4d5] Strongly threatening Nd5+!} Kb7 53. Kxa3 Kxa7 54. Kb3 (54. Nc6+ $18 Ka6 55. Ne5) 54... Kb7 $16 55. Kc3 Kc7 56. Kd3 Kd6 57. g4 ({Better is} 57. Nc2) 57... f5 {[%emt 0:00:10] [#]} (57... Ke6 $16) 58. gxf5 $2 (58. g5 $1 $18 h5 59. Ke3) 58... gxf5 $11 59. h3 Ke6 60. Ke2 Kd6 61. Nc2 {[%emt 0:00:02] And now Ne3 would win.} Kd5 $2 (61... Nd5 $11) 62. Kd3 $18 Ke6 63. Ne3 Nd7 64. Kc4 Nf6 65. Kc5 (65. d5+ $142 Kd7 66. Kd4) 65... Nd7+ 66. Kb5 (66. Kc6 $142 Nb8+ 67. Kb7) 66... Kd6 67. Kc4 (67. Nxf5+ Kd5 $11) 67... Ke6 68. d5+ Kf6 69. Kb5 Nf8 70. Kc6 {[%emt 0:00:04] Threatening mate with d6.} Ng6 71. d6 Nxf4 72. Nd5+ {[%emt 0:00:01] White mates.} Nxd5 73. Kxd5 f4 {[%emt 0:00:01] [#]} 74. Kc6 $1 {[%emt 0:00:01] Quite a comeback for White.   Weighted Error Value: White=0.24 (precise) /Black=0.29 (precise)} 1-0